wizbiz, neutral female human Wizard --- ---- -------- --- |.| |.. ......|---------- |.- |.| |.. ....|?/?|..|.. |. --- |.| +..- ...|%[(|..|.. |. |.-- --- ------ --.| |..| -----..|... ..|.+---+--..--- |..| ----.| --.|..---..-----..| |((.|..--|---|-.........|..-- |..-- |....-- |.................| |((.-.............-----.....--- |...-- ---.....| |..|.-............| |((.|......--+-...|...|.......| ---....| |.......-----|...|.|.----...| -+------..{...| |)%.-...|.......| |.....-- --..--.....|---[----|.| +...| |.............| |)..|...|.......-- ---.|...| |.<.||.....||)[...| |.| |...| --+-.....---+------.------.|......--|...|---- |.----...----..--.--|.----...--+-- |..-|-|...............Y@........--.--- |..|.....||...--|...|...|........| |..|..|----....--.------.)..>......| |........-|.--- ---.|...|..#.....----..|..|%%.-....|......||.--..---.--- -----.....|.| |.....|-....{........|..|!] |....-...._.||.|----...| |.......| ---...--..|....#.....--------....|......||.-----.--- --..--..-- |.......|-................... -----.----......| ----|...| -----------....--...-......................----- --..| -.-- ## #-..... --.-........| ---- ---.- ...--.---- -- ------- wizbiz the Thaumaturge Experience level: 8 Strength: 13 Dexterity: 13 Constitution: 15 Intelligence: 18 Wisdom: 16 Charisma: 9 Health: 0(58) Energy: 94(94) Def: 5 Gold: 1351 Moves: 8067 Dungeon seed: ZwzUJ5jaGUKvLxff Game ID: wizbiz_1531685909 Your Inventory: Coins $ - 1351 gold pieces Weapons g - 4 +0 arrows i - 20 +0 crossbow bolts k - a +2 sling w - the rustproof +0 Magicbane (weapon in hand) C - 2 +0 daggers R - 11 poisoned +0 arrows S - 6 blessed +1 arrows X - 8 +0 darts Z - a blessed +0 arrow Armor e - an uncursed +0 cloak of magic resistance (being worn) q - an uncursed +0 pair of jumping boots (being worn) r - an uncursed +0 Hawaiian shirt (being worn) t - an uncursed +0 orcish helm (being worn) K - an uncursed +0 dwarvish cloak N - an uncursed +0 leather armor (being worn) U - an uncursed +0 mummy wrapping Comestibles p - 3 uncursed food rations u - an uncursed slime mold x - an uncursed pancake A - an uncursed gnome lord corpse H - an uncursed egg Scrolls o - a blessed scroll of charging Potions M - 2 uncursed potions of healing Q - an uncursed potion of oil Rings c - an uncursed ring of teleport control d - an uncursed ring of slow digestion (on left hand) f - an uncursed +3 ring of increase damage E - an uncursed ring of levitation I - a cursed -2 ring of gain strength Wands b - a wand of striking (0:5) Tools h - a blessed tallow candle (0:200) m - 20 uncursed tallow candles (0:200) n - an uncursed blindfold O - 2 uncursed wax candles (0:400) T - 2 cursed tallow candles (0:200) V - an uncursed towel W - an uncursed tin whistle Gems j - an uncursed jet stone l - an uncursed worthless piece of yellow glass y - an uncursed worthless piece of red glass z - 3 uncursed worthless pieces of white glass J - an uncursed diamond L - an uncursed worthless piece of blue glass P - an uncursed worthless piece of black glass Y - 2 uncursed worthless pieces of orange glass Spells and supernatural/magical abilities: Name Level Category Fail Memory a - force bolt 1 attack 0% 60% w - wizard lock 2 matter 59% 60% W - pray for help -- divine ? -- Y - supernatural jump -- ability ? -- Your skills at the end: Fighting Skills Weapon Skills dagger [Basic] quarterstaff [Basic] Spellcasting Skills attack spells [Skilled] enchantment spells [Basic] Final Attributes: You were piously aligned. You were magic-protected. You were telepathic. You could jump. You had slower digestion. You were lucky. You are dead. Vanquished creatures: 4 leprechauns 2 gnome kings a lizard a dingo a jaguar 3 dwarf lords a bugbear a water nymph 2 mountain nymphs 4 rock piercers 2 rock moles 3 ponies a fog cloud a yellow light a shrieker 9 gnome lords a gnomish wizard 2 kobold mummies a gray ooze 2 elf zombies a straw golem a paper golem a baby crocodile 3 giant ants 5 floating eyes 3 kittens 11 dwarves a homunculus 3 kobold lords a kobold shaman 4 rothes a centipede a giant bat 3 wererats a werejackal 5 iguanas 4 acid blobs a coyote 2 hobbits a manes 4 giant rats 4 cave spiders 28 gnomes 2 garter snakes 7 geckos 12 jackals 3 foxes 3 kobolds 4 goblins 8 sewer rats 8 grid bugs a bat 9 lichens 2 kobold zombies 7 newts 198 creatures vanquished. Voluntary challenges: You used a wielded weapon 164 times, starting on turn 58. You read items or engraved 5 times, starting on turn 1. You never genocided any monsters. You never polymorphed an object. You never changed form. You used no wishes. You never split a pudding. You wrote Elbereth's name 1 time, starting on turn 1870. You violated your moral code, losing 58 points of alignment, starting on turn 3683. Dungeon overview: The Dungeons of Doom: levels 1 to 5 Level 1 some fountains a long staircase Level 2 an armor shop, a fountain Level 3 a weapon shop, an altar to Thoth, some fountains stairs to The Gnomish Mines Level 4 (vault) Level 5 The Gnomish Mines: levels 4 to 8 Level 4 stairs to The Dungeons of Doom Level 5 Level 6 Level 7 <- You were here some shops, a temple to Thoth, some fountains, some trees Level 8 History has recorded: On T:1 you entered the Dungeons of Doom to retrieve the Amulet of Yendor! On T:101 you reached level 2 of The Dungeons of Doom. On T:324 you advanced to experience level 2. On T:525 you reached level 3 of The Dungeons of Doom. On T:948 you advanced to experience level 3. On T:1392 you reached level 4 of The Dungeons of Doom. On T:1578 you advanced to experience level 4. On T:2401 you advanced to experience level 5. On T:2403 you reached level 5 of The Dungeons of Doom. On T:3100 you reached level 1 of The Gnomish Mines. On T:3746 you reached level 2 of The Gnomish Mines. On T:3772 you advanced to experience level 6. On T:4294 you received Magicbane from Thoth. On T:5395 you advanced to experience level 7. On T:6887 you reached level 3 of The Gnomish Mines. On T:7417 you advanced to experience level 8. On T:7636 you reached level 4 of The Gnomish Mines. On T:8016 you reached level 5 of The Gnomish Mines. Score breakdown: Gold: 1351 (10650 points) Experience: 8 levels (14739 points) Exploration: 8 levels ( 16.33%) (11456 points) Discoveries: 11 items ( 3.83%) ( 5873 points) Valuables value: (no points given unless you survive) Artifact value: 3500 (12056 points) Variety of kills: 55 monsters ( 14.44%) (11398 points) Turncount: 8067 turns (-2061 points) Survival: died (score multiplied by 80%) Total score: 51288 Latest messages: You hear some noises in the distance. You are hit by a dagger. You are almost hit by a dagger. You are hit by a dagger. (2x) You hear some noises. You stop exploring. The gnome lord tries to wield a dagger. The gnome lord's crossbow is welded to his hand! You kill the gnome lord! i - 6 uncursed crossbow bolts. There are a few more objects here. A - a gnome lord corpse. You rebalance your load. Movement is difficult. The yeti hits! (2x) The yeti bites! The yeti hits! (2x) The yeti bites! You hit the yeti. The yeti hits! (2x) The yeti bites! The yeti hits! (2x) The yeti bites! The yeti hits! (2x) You die... Final status: Goodbye wizbiz the Wizard, killed by a yeti... You died in The Gnomish Mines on dungeon level 7 with 51288 points, and 1351 pieces of gold, after 8067 moves. You were level 8 with a maximum of 58 hit points when you died.